 Dungeon Crawl Stone Soup version 0.31-a0-95-g6fa058ef04 (webtiles) character file.

Game seed: 9170163880149527286

199 Flugkiller the Sneak (level 5, -2/48 HPs)
             Began as a Naga Hexslinger on May 25, 2023.
             Slain by an orc
             ... wielding a +1 flail of holy wrath
              (6 damage)
             ... on level 4 of the Dungeon.
             The game lasted 00:04:14 (3423 turns).

Flugkiller the Sneak (Naga Hexslinger)              Turns: 3423, Time: 00:04:15

Health: -2/48      AC:  2    Str: 11    XL:     5   Next: 77%
Magic:  4/7        EV: 10    Int: 19    God:
Gold:   183        SH:  0    Dex: 15    Spells: 3/7 levels left

rFire   . . .        a - +1 sling
rCold   . . .        (no shield)
rNeg    . . .        c - +0 robe
rPois   +            (no helmet)
rElec   .            (no cloak)
rCorr   .            (no gloves)
SInv    +            (no barding)
Will    .....        j - amulet of the acrobat
Stlth   +++          i - +6 ring of intelligence
HPRegen 0.28/turn    (no ring)
MPRegen 0.10/turn

%: acrobat
@: very slow
A: AC +1, large, see invisible, deformed body, poison resistance, slowness 2,
spit poison 1, naga tail 1
a: Spit Poison


You were on level 4 of the Dungeon.
You visited 1 branch of the dungeon, and saw 4 of its levels.

You collected 183 gold pieces.

Inventory:

Hand Weapons
 a - a +1 sling (weapon)
 d - a +0 short sword of protection
   (You took it off a kobold on level 1 of the Dungeon)
 e - a +1 dagger of venom
   (You took it off a goblin on level 1 of the Dungeon)
Missiles
 m - a throwing net
Armour
 c - a +0 robe (worn)
Jewellery
 i - a +6 ring of intelligence (left hand)
   (You found it on level 1 of the Dungeon)
 j - an amulet of the acrobat (around neck)
   (You found it on level 4 of the Dungeon)
 l - a ring of fire
   (You found it on level 2 of the Dungeon)
Wands
 n - a wand of flame (19)
   (You found it on level 3 of the Dungeon)
Scrolls
 b - a scroll of poison
 f - a scroll of torment
 r - 5 scrolls of identify
 t - 2 scrolls of teleportation
Potions
 g - a potion of cancellation
 h - a potion of berserk rage
 k - a potion of brilliance
 q - 3 potions of curing


   Skills:
 + Level 2.9 Fighting
 + Level 2.0 Short Blades
 - Level 1.7 Ranged Weapons
 - Level 1.5 Dodging
 + Level 4.1 Stealth
 + Level 1.9 Spellcasting
 + Level 3.5 Hexes


You had 3 spell levels left.
You knew the following spells:

 Your Spells              Type           Power      Damage    Failure   Level
a - Slow                  Hex            60%        N/A       4%          1
b - Confusing Touch       Hex            15%        N/A       12%         3

Your spell library contained the following spells:

 Spells                   Type           Power      Damage    Failure   Level
 Summon Small Mammal      Summ           4%         N/A       17%         1
 Inner Flame              Hex/Fire       7%         N/A       26%         3
 Portal Projectile        Hex/Tloc       14%        N/A       26%         3
 Summon Guardian Golem    Hex/Summ       7%         N/A       26%         3
 Call Canine Familiar     Summ           1%         N/A       45%         3
 Vampiric Draining        Necr           1%         2d6       45%         3
 Cause Fear               Hex            7%         N/A       36%         4


Dungeon Overview and Level Annotations

Branches:
Dungeon (4/15) Zot: 19714
 Temple: D:4-7

Altars:

Shops:
D:1 [


Innate Abilities, Weirdness & Mutations

Your serpentine skin is tough. (AC +1)
You have supernaturally acute eyesight. (SInv)
Armour fits poorly on your strangely shaped body.
Your system is resistant to poisons. (rPois)
You cover ground very slowly.
You can spit poison.
You have a snake-like lower body.


Message History

The jackal bites you. The jackal barely misses you.
You hit the jackal.
The jackal looks as sick as possible!
The jackal is almost dead.
You kill the jackal!
No target in view!
No target in view!
HP restored.
An orc is nearby!
An orc is nearby!
Unknown command.
Okay, then.
An orc comes into view. It is wielding a +0 war axe.
The orc shouts!
You closely miss the orc. The orc hits you with a +0 war axe.
You closely miss the orc. The orc hits you with a +0 war axe.
The orc shouts!
You hit the orc.
The orc is poisoned.
The orc is lightly wounded.
A goblin comes into view. It is wielding a +0 dagger.
The orc barely misses you.
You barely miss the orc.
The orc is moderately wounded.
The orc closely misses you. The orc attacks as you move away!
The orc hits you with a +0 war axe. The orc attacks as you move away!
The orc completely misses you.
You kill the orc!
Casting: Slow (safe; 4% risk of failure)
Confirm with . or Enter, or press ? or * to list all spells.
Aiming: Slow (safe; 4% risk of failure)
Press: ? - help, Shift-Dir - straight line, f - orc
Aim: an orc, wielding a +0 whip (chance to affect: 66%)
The orc seems to slow down.
You completely miss the orc. You hit the orc.
The orc is heavily wounded.
The orc hits you with a +0 whip.
You hit the orc but do no damage.
The orc is heavily wounded.
The orc closely misses you.
You closely miss the orc.
The orc is heavily wounded.
The goblin hits you with a +0 dagger.
An orc comes into view.
It is wielding a +1 flail of holy wrath.
The orc shouts!
You hit the goblin.
The goblin is severely wounded.
The orc hits you but does no damage. The goblin hits you with a +0 dagger.
You closely miss the goblin.
The goblin is severely wounded.
The orc hits you with a +0 whip.
Unknown command.
Your +1 dagger of venom stops dripping with poison.
a - a +1 sling (weapon)
The goblin barely misses you.
Fire: a) +1 sling
Press: ? - help, Q - select action, (/) - cycle Shift-Dir - straight line, f - jelly, p - orc
Aim: a jelly (wandering, hasn't noticed you, 89% to hit)
Okay, then.
Unknown command.
Casting: Slow (safe; 4% risk of failure)
Confirm with . or Enter, or press ? or * to list all spells.
Aiming: Slow (safe; 4% risk of failure)
Press: ? - help, Shift-Dir - straight line, f - jelly, p - orc
Aim: a jelly (wandering, hasn't noticed you, chance to affect: 57%)
The jelly resists with significant effort.
The goblin hits you but does no damage.
Casting: Slow (safe; 4% risk of failure)
Confirm with . or Enter, or press ? or * to list all spells.
Aiming: Slow (safe; 4% risk of failure)
Press: ? - help, Shift-Dir - straight line, f/p - jelly
Aim: a jelly (chance to affect: 57%)
The jelly resists with significant effort.
The goblin hits you with a +0 dagger.
Casting: Slow (safe; 4% risk of failure)
Confirm with . or Enter, or press ? or * to list all spells.
Aiming: Slow (safe; 4% risk of failure)
Press: ? - help, Shift-Dir - straight line, f/p - jelly
Aim: a jelly (chance to affect: 57%)
The jelly seems to slow down.
The orc hits you with a +0 whip. The goblin hits you but does no damage.
The orc hits you with a +1 flail of holy wrath!
Fire: a) +1 sling
Press: ? - help, Q - select action, (/) - cycle Shift-Dir - straight line, f/p - jelly
Aim: a jelly (slow, 89% to hit)
You shoot a sling bullet. The sling bullet hits the jelly.
The jelly is moderately wounded.
The goblin barely misses you. The orc closely misses you.
The orc hits you with a +0 whip.
Fire: a) +1 sling
Press: ? - help, Q - select action, (/) - cycle Shift-Dir - straight line, f/p - jelly
Aim: a jelly (moderately wounded, slow, 89% to hit)
You shoot a sling bullet. The sling bullet hits the jelly.
The jelly is moderately wounded.
The goblin hits you with a +0 dagger.
The orc hits you with a +1 flail of holy wrath!
* * * LOW HITPOINT WARNING * * *
The orc hits you with a +0 whip.
* * * LOW HITPOINT WARNING * * *
The orc hits you with a +1 flail of holy wrath.
You die...

................###
.........#........#
.........##.......#
.......>..........#
.................##
.........#.......####
.##.#....#.##.......##
#...#.##...###J......###
...##.####.##..g@......##
..###..##...#..oo.#.....#
..###.##....##...#####..#
.....#.....#..#######.##
#........)...##.......#
##...###.....#........#
#.... #...........#.##
.o.. #...†......#### ....
.. #..........#


You could see a jelly (slow), 2 orcs and a goblin.

Vanquished Creatures
  Terence (D:3)
  8 adders
  A white imp (D:4)
  3 worms
  2 dart slugs
  4 orcs
  4 endoplasms
  2 giant cockroaches
  9 goblins
  9 hobgoblins
  6 jackals
  4 kobolds
  6 quokkas
  3 ball pythons
  7 bats
  5 frilled lizards
  6 rats
80 creatures vanquished.

Notes
Turn   | Place    | Note
-------+----------+-------------------------------------------
     0 | D:1      | Flugkiller the Naga Hexslinger began the quest for the Orb.
     0 | D:1      | Reached XP level 1. HP: 18/18 MP: 2/2
    41 | D:1      | Reached skill level 1 in Stealth
    71 | D:1      | You fall into a shaft and drop 1 floor!
   238 | D:1      | Reached XP level 2. HP: 25/25 MP: 3/3
   255 | D:1      | Reached skill level 2 in Stealth
   508 | D:1      | Reached XP level 3. HP: 18/32 MP: 4/4
   922 | D:1      | Found Offiez's Antique Armour Emporium.
  1123 | D:1      | Reached skill level 1 in Short Blades
  1220 | D:2      | Reached XP level 4. HP: 40/40 MP: 2/5
  1243 | D:2      | Reached skill level 3 in Stealth
  2034 | D:2      | Identified the +1 pair of boots of the Solstice {Str+5}
  2360 | D:3      | Reached XP level 5. HP: 46/46 MP: 7/7
  2779 | D:3      | Noticed Terence
  2793 | D:3      | Killed Terence
  2794 | D:3      | Reached skill level 4 in Stealth
  2919 | D:3      | Learned a level 3 spell: Confusing Touch
  3423 | D:4      | Slain by an orc

Illustrated notes

Levels and vault maps discovered:
D:1:      sevenhm_arrival_forest_fort_small_3, layout_loops_corners,
          serial_shops, shop, minmay_tetromino_i4
D:2:      layout_basic, uniq_robin
D:3:      layout_loops_ring, uniq_terence
D:4:      layout_cave_pools

Skill      XL: |  1  2  3  4  5 |
---------------+----------------+-----
Stealth        | 1 2 3 4 |  4.1
Fighting       | 2 |  2.9
Short Blades   | 1 2 |  2.0
Ranged Weapons | |  1.7
Dodging        | |  1.5
Spellcasting   | |  1.9
Hexes          | |  3.5

Action                     |  1- 3 |  4- 6 || total
---------------------------+-------+-------++-------
  Melee: Dagger            |    58 |   168 ||   226
         Punch             |       |     1 ||     1
   Fire: Sling             |    51 |     2 ||    53
   Cast: Slow              |     5 |    28 ||    33
Ability: Spit Poison       |     1 |       ||     1
    Use: Potion            |     1 |     1 ||     2
         Scroll            |       |     5 ||     5
   Stab: Sleeping          |     3 |     8 ||    11
 Armour: Robe              |    17 |    12 ||    29
  Dodge: Dodged            |    58 |    60 ||   118

Table legend: (Time is in decaauts)
 A = Elapsed time spent in this place.
 B = Non-inter-level travel time spent in this place.
 C = Inter-level travel time spent in this place.
 D = Time resting spent in this place.
 E = Time spent auto-exploring this place.
 F = Levels seen in this place.
 G = Mean time per level.
                   A        B        C        D        E       F      G
               +--------+--------+--------+--------+--------+-----+--------+
         Total |   4283 |   4183 |    100 |    852 |   2464 |   4 | 1070.8 |
       Dungeon |   4283 |   4183 |    100 |    852 |   2464 |   4 | 1070.8 |
               +--------+--------+--------+--------+--------+-----+--------+

Top non-repeatable levels by time:
     D:1: 1460 daAuts
     D:2: 1229 daAuts
     D:3: 1051 daAuts
     D:4: 542 daAuts
